 Dungeon Crawl Stone Soup version 0.32-a0-868-g153ae1a8d6 (console) character file.

Game seed: 5180236318751298693

5378 Lysca the Thaumaturge (level 10, -2/49 HPs)
             Began as a Spriggan Conjurer on Mar 28, 2024.
             Was a Priest of Beogh.
             Killed by divine providence
             ... invoked by Benkei the orc apostle
              (17 damage)
             ... on level 8 of the Dungeon.
             The game lasted 00:29:36 (8592 turns).

Lysca the Thaumaturge (Spriggan Conjurer)           Turns: 8592, Time: 00:29:37

Health: -2/49      AC:  5    Str:  3    XL:     10   Next: 39%
Magic:  11/34      EV: 16    Int: 23    God:    Beogh [***...]
Gold:   356        SH:  0    Dex: 15    Spells: 18/29 levels left

rFire   . . .        K - +3 spear (freeze)
rCold   . . .        (no shield)
rNeg    . . .        F - +0 steam dragon scales
rPois   .            (helmet restricted)
rElec   .            (no cloak)
rCorr   .            (gloves unavailable)
SInv    +            (boots unavailable)
Will    ++...        G - amulet of regeneration
Stlth   ++           d - ring of magical power
HPRegen 1.08/turn    f - ring of willpower
MPRegen 0.24/turn

%: no passive effects
@: very quick
A: very small, no large weapons, unfitting armour, see invisible, speed 3
a: Renounce Religion, Smiting, Recall Apostles, Dismiss Bogmar, warrior


You were on level 8 of the Dungeon.
You worshipped Beogh.
Beogh was most pleased with you.
You visited 1 branch of the dungeon, and saw 8 of its levels.

You collected 356 gold pieces.

Inventory:

Hand Weapons
 K - a +3 spear of freezing (weapon)
Armour
 F - +0 steam dragon scales (worn)
Magical Staves
 i - a staff of cold
Jewellery
 d - a ring of magical power (left hand)
 f - a ring of willpower (right hand)
 A - a ring of willpower
 G - an amulet of regeneration (around neck)
Wands
 p - a wand of polymorph (15)
 t - a wand of paralysis (14)
 E - a wand of warping (8)
Scrolls
 e - a scroll of fog {unknown}
 g - 2 scrolls of enchant weapon
 h - a scroll of immolation {unknown}
 k - 4 scrolls of identify
 m - a scroll of noise {unknown}
 n - a scroll of torment {unknown}
 o - 2 scrolls of amnesia
 r - 2 scrolls of vulnerability {unknown}
 s - 2 scrolls of enchant armour {unknown}
 u - a scroll of blinking {unknown}
 x - a scroll of brand weapon {unknown}
 y - a scroll of fear {unknown}
 C - a scroll of silence {unknown}
 D - a scroll of revelation {unknown}
 I - a scroll of teleportation {unknown}
Potions
 b - 3 potions of magic
 c - 7 potions of heal wounds {unknown}
 j - a potion of cancellation {unknown}
 l - a potion of curing {unknown}
 q - a potion of ambrosia {unknown}
 v - a potion of lignification {unknown}
 w - 3 potions of enlightenment {unknown}
 z - a potion of degeneration {unknown}
 B - a potion of might {unknown}
 H - 2 potions of haste {unknown}
 J - a potion of brilliance {unknown}


   Skills:
 - Level 4.0 Fighting
 - Level 2.6 Dodging
 - Level 3.0 Stealth
 - Level 10.0 Spellcasting
 - Level 4.0 Conjurations
 - Level 7.0 Translocations
 + Level 5.3 Air Magic
 + Level 5.3 Earth Magic
 - Level 7.0 Alchemy


You had 18 spell levels left.
You knew the following spells:

 Your Spells              Type           Power      Damage    Failure   Level
a - Magic Dart            Conj           100%       1d8       1%          1
b - Searing Ray           Conj           58%        2d6       1%          2
c - Fulminant Prism       Conj/Alch      18%        3d10      6%          4
d - Iskenderun's Mystic Conj/Tloc 36%            2d9        (+2d4     6%          4

Your spell library contained the following spells:

 Spells                   Type           Power      Damage    Failure   Level
 Blink                    Tloc           86%        N/A       1%          2
 Lesser Beckoning         Tloc           86%        N/A       1%          2
 Momentum Strike          Conj/Tloc      72%        3d10      1%          2
 Foxfire                  Conj/Fire      80%        2x1d8     2%          1
 Volatile Blastmotes      Fire/Tloc      54%        2d14      4%          3
 Leda's Liquefaction      Alch/Erth      19%        N/A       4%          4
 Fugue of the Fallen      Necr           11%        N/A       17%         3
 Ozocubu's Armour         Ice            11%        N/A       17%         3
 Lee's Rapid Deconstruct  Erth           18%        3d11*     17%         5
 Manifold Assault         Tloc           21%        N/A       95%         7
 Permafrost Eruption      Ice/Erth       11%        2x4d4     96%         6
 Plasma Beam              Fire/Air       11%        2x1d22    96%         6
 Starburst                Conj/Fire      10%        6d5       98%         6


Dungeon Overview and Level Annotations

Branches:
Dungeon (8/15)             Temple (0/1) D:5
   Lair: D:8-11

Altars:

Shops:
D:1 [   D:8 !


Innate Abilities, Weirdness & Mutations

Your facial features look somewhat orcish.
You are very small and have problems with some larger weapons.
You are too small for most types of armour.
You have supernaturally acute eyesight. (SInv)
You cover ground extremely quickly. (Speed+++)


Message History

Benkei closely misses you.
Casting: Fulminant Prism (dangerous; 6% risk of failure)
Confirm with . or Enter, or press ? or * to list all spells.
You erupt in a blast of force!
The mystic blast hits the water moccasin!
The water moccasin is severely wounded.
The water moccasin is knocked back by the mystic blast.
The mystic blast hits the water moccasin!
The water moccasin is severely wounded.
The water moccasin is knocked back by the mystic blast.
The water moccasin slams into the rock wall.
The water moccasin is almost dead.
The mystic blast hits Benkei but does no damage.
Benkei is lightly wounded.
Benkei hits you with a +3 hand axe of electrocution!
Benkei invokes the aid of Beogh against you.
Beogh smites you!
You swap places.
Bogmar closely misses Benkei.
Bogmar hits the water moccasin with a +0 battleaxe of electrocution!
The water moccasin dies!
The water moccasin's corpse turns back into a lifeless stick!
Benkei drops twin branches and they both wriggle to life!
The water moccasin turns back into a lifeless stick!
Bogmar closely misses Benkei.
Benkei hits Bogmar but does no damage.
The water moccasin misses Bogmar.
Bogmar hits Benkei but does no damage.
Lightning courses through Benkei!
Bogmar hits the water moccasin with a +0 battleaxe of electrocution! x2
Lightning courses through the water moccasin!!
The water moccasin dies!
The water moccasin's corpse turns back into a lifeless stick!
Benkei calls down the wrath of Beogh upon you.
Beogh smites you!
* * * LOW HITPOINT WARNING * * *
Bogmar hits Benkei with a +0 battleaxe of electrocution.
Bogmar closely misses the water moccasin.
Benkei invokes the aid of Beogh against you.
Beogh smites you!
You die...
Beogh appreciates Benkei's killing of a heretic priest.

########### #.
######.........#########.
#....>...................
#.##....##...........[...
#.#.....##.###....######.
#.................# #.
###........####...# ####.
#...............# #...#
#...............###...#
#.....@...........#...#
#...............#......
#..........S....##.....
#...........o...##.....
#############o..##.....
#...##..... ######.....
#.[... #..... #.....


You could see Benkei the orc apostle (ally target, divinely empowered), a water
moccasin (summoned) and the friendly Bogmar the orc apostle.

Vanquished Creatures
  A two-headed ogre (D:8)
  3 yaks (D:8)
  Menkaure (D:4)
  An acid dragon (D:8)
  2 water moccasins
  3 black bears
  2 ice beasts
  A sky beast (D:7)
  2 ogres
  A centaur (D:5)
  3 phantoms
  A kobold brigand (D:7)
  A gnoll sergeant (D:7)
  2 scorpions (D:5)
  11 wights
  4 killer bees
  3 howler monkeys
  A bombardier beetle (D:6)
  A hound (D:5)
  3 orc priests
  A gnoll bouda (D:4)
  3 iguanas
  A sleepcap (D:3)
  2 orc wizards
  11 adders
  8 gnolls
  3 white imps
  2 ufetubi (D:6)
  2 ribbon worms (D:3)
  The ghost of Esekla the Sneak, a weakling OpDe (D:5)
  A dart slug (D:4)
  7 orcs
  5 bats
  5 endoplasms
  5 giant cockroaches
  6 goblins
  13 hobgoblins
  5 jackals (D:5)
  9 kobolds
  A quokka (D:3)
  9 ball pythons
  3 frilled lizards
  3 rats
153 creatures vanquished.

Vanquished Creatures (collateral kills)
  A hornet (D:8)
  2 yaks (D:8)
  A wyvern (D:8)
  A steam dragon (D:8)
  An orc warrior (D:8)
  A gnoll sergeant (D:8)
  A bullfrog (D:8)
  3 killer bees (D:8)
  2 howler monkeys (D:8)
  An orc priest (D:8)
  2 orc wizards (D:8)
  4 gnolls (D:8)
20 creatures vanquished.

Vanquished Creatures (others)
  4 orcs
  48 fulminant prisms
52 creatures vanquished.

Grand Total: 225 creatures vanquished

Notes
Turn   | Place    | Note
-------+----------+-------------------------------------------
     0 | D:1      | Lysca the Spriggan Conjurer began the quest for the Orb.
     0 | D:1      | Reached XP level 1. HP: 9/9 MP: 5/5
   257 | D:1      | Reached skill level 1 in Alchemy
   446 | D:1      | Reached skill level 3 in Spellcasting
   446 | D:1      | Reached XP level 2. HP: 13/13 MP: 7/7
   514 | D:1      | Found Cezunu's Antique Armour Boutique.
   552 | D:1      | Learned a level 2 spell: Searing Ray
  1727 | D:2      | Reached XP level 3. HP: 14/16 MP: 8/8
  1933 | D:2      | Identified the +3 leather armour of the Poles {rElec rPois
                  | Dex+3}
  2368 | D:3      | You fall into a shaft and drop 2 floors!
  2368 | D:5      | Entered Level 5 of the Dungeon
  2379 | D:5      | Noticed an ice beast
  2380 | D:5      | Became a worshipper of Beogh the Shepherd
  2404 | D:5      | Noticed an ogre
  2408 | D:5      | Killed an ice beast
  2409 | D:5      | Reached XP level 4. HP: 21/21 MP: 10/10
  2415 | D:5      | Learned a level 4 spell: Fulminant Prism
  2439 | D:5      | Noticed a centaur
  2449 | D:5      | Killed a centaur
  2450 | D:5      | Reached skill level 4 in Spellcasting
  2450 | D:5      | Reached XP level 5. HP: 10/24 MP: 5/12
  2577 | D:5      | Reached skill level 5 in Spellcasting
  2577 | D:5      | Reached skill level 5 in Alchemy
  2723 | D:5      | Noticed a water moccasin
  2731 | D:4      | Reached skill level 1 in Translocations
  2746 | D:4      | Reached XP level 6. HP: 28/28 MP: 14/14
  2993 | D:4      | Reached skill level 5 in Translocations
  2993 | D:4      | Reached skill level 1 in Fighting
  2998 | D:4      | Learned a level 4 spell: Iskenderun's Mystic Blast
  3229 | D:4      | Reached XP level 7. HP: 35/35 MP: 15/15
  3896 | D:3      | Reached * piety under Beogh
  4823 | D:4      | Noticed Menkaure
  4835 | D:4      | Killed Menkaure
  4836 | D:4      | Reached XP level 8. HP: 42/42 MP: 1/16
  5257 | D:5      | Reached ** piety under Beogh
  5581 | D:5      | Found a staircase to the Ecumenical Temple.
  5629 | D:5      | Found a runed translucent door.
  5637 | D:5      | Noticed Esekla's ghost (weakling OpDe)
  5758 | D:5      | Killed Esekla's ghost
  5934 | D:6      | Reached skill level 6 in Spellcasting
  6259 | D:6      | Reached skill level 7 in Spellcasting
  6261 | D:6      | Reached XP level 9. HP: 45/45 MP: 12/20
  6276 | D:6      | Reached skill level 1 in Air Magic
  6276 | D:6      | Reached skill level 1 in Earth Magic
  7145 | D:7      | Reached skill level 8 in Spellcasting
  7523 | D:8      | Noticed a two-headed ogre
  7530 | D:8      | Reached *** piety under Beogh
  7535 | D:8      | Killed a two-headed ogre
  7536 | D:8      | Reached skill level 9 in Spellcasting
  7557 | D:7      | Noticed Bogmar
  7760 | D:7      | Anointed Bogmar the warrior as your apostle
  8020 | D:8      | Reached XP level 10. HP: 49/49 MP: 23/24
  8346 | D:8      | Found Melannem's Distillery.
  8483 | D:8      | Reached skill level 5 in Air Magic
  8483 | D:8      | Reached skill level 5 in Earth Magic
  8485 | D:8      | Reached skill level 10 in Spellcasting
  8499 | D:8      | Noticed Benkei
  8592 | D:8      | Killed from afar by Benkei the orc apostle

Illustrated notes

Levels and vault maps discovered:
D:1:      dpeg_arrival_rooms_c, layout_loops_corners, serial_shops,
          nicolae_shop_waterfront, minmay_misc_feat_pillars
D:2:      layout_loops_ring
D:3:      minmay_chambers_of_twos, layout_basic, minmay_fractal_squares_5
D:4:      layout_loops_ring, uniq_menkaure
D:5:      layout_gridville, minmay_temple_entry_offerings, ebering_ghost_sewer_d
D:6:      layout_rooms
D:7:      layout_gridville
D:8:      layout_basic, serial_shops, nicolae_shop_waterfront

Skill      XL: |  1  2  3  4  5  6  7  8  9 10 |
---------------+-------------------------------+-----
Conjurations   | 3 4 |  4.0
Alchemy        | 1 2 3 4 5 7 |  7.0
Spellcasting   | 3 4 5 7 9 10 | 10.0
Translocations | 2 5 6 7 |  7.0
Fighting       | 2 4 |  4.0
Air Magic      | 4 5 |  5.3
Earth Magic    | 4 5 |  5.3
Dodging        | |  2.6
Stealth        | |  3.0

Action                     |  1- 3 |  4- 6 |  7- 9 | 10-12 || total
---------------------------+-------+-------+-------+-------++-------
  Melee: Whip              |     1 |       |     8 |       ||     9
         Spear             |       |       |       |     2 ||     2
  Throw: Dart              |       |       |     1 |       ||     1
   Cast: Magic Dart        |    28 |       |     4 |     1 ||    33
         Searing Ray       |    23 |    24 |    78 |     7 ||   132
         Fulminant Prism   |       |     1 |    40 |     7 ||    48
         Iskenderun's Myst |       |       |     4 |     2 ||     6
 Invoke: Convert to Beogh  |     1 |       |       |       ||     1
         Recruit Apostle   |       |       |     1 |       ||     1
         Recall Apostles   |       |       |       |     2 ||     2
  Evoke: Wand              |       |       |     5 |     1 ||     6
    Use: Scroll            |       |       |       |     2 ||     2
 Armour: Robe              |     6 |    11 |    30 |     2 ||    49
         Steam dragon scal |       |       |       |     5 ||     5
  Dodge: Dodged            |    12 |    16 |    69 |    14 ||   111

Table legend: (Time is in decaauts)
 A = Elapsed time spent in this place.
 B = Non-inter-level travel time spent in this place.
 C = Inter-level travel time spent in this place.
 D = Time resting spent in this place.
 E = Time spent auto-exploring this place.
 F = Levels seen in this place.
 G = Mean time per level.
                   A        B        C        D        E       F      G
               +--------+--------+--------+--------+--------+-----+--------+
         Total |   6274 |   5314 |    960 |    384 |   3545 |   8 |  784.2 |
       Dungeon |   6274 |   5314 |    960 |    384 |   3545 |   8 |  784.2 |
               +--------+--------+--------+--------+--------+-----+--------+

Top non-repeatable levels by time:
     D:3: 1182 daAuts
     D:1: 957 daAuts
     D:5: 938 daAuts
     D:4: 891 daAuts
     D:7: 843 daAuts
     D:2: 577 daAuts
     D:8: 456 daAuts
     D:6: 428 daAuts
